Map: Oxide LE

Players

YouGoudaLose - Winner!

  • Race: Terran Terran
  • League: Diamond

nobutoshi

  • Race: Terran Terran
  • League: Platinum

VOD

Have the link to the VOD?

Description

Time

  • Played on: May 29, 2021, 4:07 a.m.
  • Length: 8:22
Show
View Real Time Build Order
Export as new Build Order

YouGoudaLose Terran - Winner!

Build Orders:  

Get SALT Encoding   

  12  0:00  SCV  
  13  0:12  SCV  
  14  0:18  Supply Depot  
  14  0:24  SCV  
  14  0:28  Refinery  
  15  0:42  Barracks  
  15  0:47  SCV  
  16  0:59  SCV  
  18  1:19  Barracks  
  18  1:23  Barracks  
  17  1:30  Reaper  
  18  1:33  SCV  
  19  1:50  Orbital Command  
  19  2:03  Reaper  
  19  2:07  Reaper  
  21  2:10  Reaper  
  21  2:12  Barracks  
  22  2:24  Barracks  
  22  2:35  Supply Depot  
  22  3:13  Marine x2  
  24  3:30  Marine  
  24  3:31  Marine  
  26  3:40  Marine x2  
  25  3:48  Marine x2  
  24  3:57  Marine  
  24  3:58  Marine  
  25  4:06  Marine x2  
  23  4:15  Reaper, Marine  
  24  4:24  Marine x2  
  21  4:40  Barracks Tech Lab  
  21  4:41  Barracks Tech Lab  
  21  4:42  Marine  
  20  4:56  Barracks Tech Lab  
  20  4:59  Marine  
  22  5:00  Marauder x2  
  24  5:16  Marauder  
  24  5:18  Barracks Tech Lab  
  28  5:21  Marauder  
  26  5:34  Marine  
  24  5:37  Marauder  
  24  5:42  Marauder  
  25  5:58  Marauder  
  25  6:00  Marine  
  25  6:01  Marine  
  25  6:04  Marauder  
  28  6:18  Marine x2  
  28  6:20  Marauder  
  28  6:25  Marauder  
  26  6:36  Marine x2  
  25  6:41  Marauder  
  25  6:46  Marauder  
  26  6:54  Marine x2  
  28  7:02  Marine  
  28  7:07  Marine  
  30  7:13  Marine  
  28  7:20  Marauder  
Show
View Real Time Build Order
Export as new Build Order

nobutoshi Terran 

Build Orders: Hellion Opening 

Get SALT Encoding   

  12  0:00  SCV  
  13  0:15  Supply Depot  
  13  0:16  SCV  
  14  0:28  SCV  
  15  0:38  Barracks  
  15  0:42  Refinery  
  15  0:43  SCV  
  16  0:55  SCV  
  17  1:08  SCV  
  18  1:20  SCV  
  19  1:25  Reaper  
  19  1:32  SCV  
  21  1:35  Command Center  
  21  1:44  Orbital Command  
  21  2:03  Factory  
  21  2:11  SCV, Supply Depot  
  22  2:18  Refinery  
  22  2:20  Barracks Reactor  
  22  2:23  SCV  
  23  2:35  SCV  
  24  2:52  Orbital Command  
  24  2:53  SCV  
  24  3:05  SCV  
  24  3:07  Hellion x2  
  24  3:09  Marine  
  24  3:28  Hellion x2  
  21  3:50  Hellion x2  
  17  4:11  Hellion  
  17  4:15  SCV  
  17  4:16  SCV  
  20  4:28  SCV  
  21  4:36  SCV  
  21  4:40  SCV  
  22  4:48  SCV  
  22  4:49  Marine  
  22  4:52  SCV  
  25  5:00  SCV  
  25  5:04  SCV  
  27  5:07  Marine  
  27  5:25  Marine  
  26  5:36  Hellion  
  27  5:43  Marine  
  27  5:47  Hellion  
  27  5:56  SCV  
  28  5:57  SCV  
  28  5:58  Hellion  
  28  6:01  Marine  
  27  6:08  SCV, Hellion  
  27  6:09  SCV  
  25  6:18  Marine  
  25  6:21  SCV x2  
  20  6:33  SCV x2  
  20  6:36  Marine  
  21  6:45  SCV x2  
  18  6:54  Marine  
  18  6:57  SCV x2  
  16  7:12  Marine  
  12  7:30  Marine  
Tags
 
Add a new tag
Caveats
  • Supply blocks, unpowered buildings, or Contaminate may cause inaccurate times.
  • Supply counts are checked every 10 seconds.